 Dungeon Crawl Stone Soup version 0.30.1-4-g462c640d31 (webtiles) character file.

Game seed: 17124523998852743459

102 growler the Gusty (level 4, -5/24 HPs)
             Began as a Tengu Air Elementalist on Aug 25, 2023.
             Slain by an iguana (10 damage)
             ... on level 4 of the Dungeon.
             The game lasted 00:04:20 (3125 turns).

growler the Gusty (Tengu Air Elementalist)          Turns: 3125, Time: 00:04:20

Health: -5/24      AC:  2    Str:  8    XL:     4   Next: 77%
Magic:  2/9        EV: 12    Int: 17    God:
Gold:   89         SH:  0    Dex: 15    Spells: 3/9 levels left

rFire   + . .        (no weapon)
rCold   + . .        (no shield)
rNeg    . . .        a - +0 robe
rPois   +            (helmet restricted)
rElec   +            (no cloak)
rCorr   +            (no gloves)
SInv    .            (boots unavailable)
Will    .....        (no amulet)
Stlth   ++           (no ring)
HPRegen 0.24/turn    (no ring)
MPRegen 0.11/turn

%: no passive effects
@: resistant
A: beak, talons 3
a: no special abilities


You were on level 4 of the Dungeon.
You visited 1 branch of the dungeon, and saw 4 of its levels.

You collected 89 gold pieces.

Inventory:

Armour
 a - a +0 robe (worn)
 k - a +0 kite shield
Magical Staves
 q - a staff of conjuration
Jewellery
 g - a ring of fire
 h - an amulet of faith
 r - a ring of ice
Scrolls
 d - a scroll of amnesia {unknown}
 e - a scroll of blinking {unknown}
 i - a scroll of identify {unknown}
 m - a scroll of fog {unknown}
 p - a scroll of teleportation {unknown}
 s - a scroll of poison {unknown}
Potions
 b - a potion of magic
 c - 3 potions of resistance
 f - 2 potions of invisibility {unknown}
 j - a potion of curing {unknown}
 l - a potion of berserk rage {unknown}
 n - 2 potions of haste {unknown}
 o - a potion of brilliance {unknown}


   Skills:
 - Level 2.1 Dodging
 - Level 2.0 Stealth
 + Level 3.0 Spellcasting
 + Level 3.5 Conjurations
 + Level 5.2 Air Magic


You had 3 spell levels left.
You knew the following spells:

 Your Spells              Type           Power      Damage    Failure   Level
a - Shock                 Conj/Air       68%        1d7       3%          1
b - Static Discharge      Conj/Air       34%        2-4/arc   4%          2
c - Swiftness             Air            20%        N/A       6%          3

Your spell library contained the following spells:

 Spells                   Type           Power      Damage    Failure   Level
 Airstrike                Air            10%        2d(2-18)  21%         4


Dungeon Overview and Level Annotations

Branches:
Dungeon (4/15)
 Temple: D:4-7

Altars:


Innate Abilities, Weirdness & Mutations

You have a beak for a mouth.
You have claws for feet.


Message History

[Y]es or [N]o only, please.
Really attack while wielding nothing? [Y]es or [N]o only, please.
Really attack while wielding nothing? [Y]es or [N]o only, please.
Really attack while wielding nothing?
Okay, then.
Really attack while wielding nothing?
Okay, then.
Found a stone staircase leading down.
The zap hits the endoplasm.
You kill the endoplasm!
You can't see any susceptible monsters within range! (Use Z to cast anyway.)
An iguana comes into view.
The zap hits the iguana.
The iguana is moderately wounded.
The iguana hisses angrily.
The zap hits the iguana.
The iguana is severely wounded.
The iguana hisses menacingly.
The zap hits the iguana.
The iguana is severely wounded.
The iguana bites you but does no damage.
The zap hits the iguana.
The iguana is almost dead.
The iguana bites you!
The zap hits the iguana but does no damage.
The iguana is almost dead.
The iguana bites you!
* * * LOW HITPOINT WARNING * * *
You are too injured to fight recklessly!
Unknown command.
Casting: Shock (safe; 3% risk of failure)
Confirm with . or Enter, or press ? or * to list all spells.
Okay, then.
It was a potion of resistance.
You feel protected. The iguana closely misses you.
The iguana attacks as you move away! The iguana bites you!
You die...

..# # ..# .###
>..# ... ...###
#.####......
####.........#
#.)..........#
#.<.@l....#
#......####......
..#.### ..### #
.# #


You could see an iguana.

Vanquished Creatures
  3 adders (D:3)
  A worm (D:3)
  4 dart slugs
  4 endoplasms
  A giant cockroach (D:2)
  8 goblins
  5 hobgoblins
  4 jackals (D:3)
  3 quokkas
  7 ball pythons
  6 bats
  6 frilled lizards
  5 kobolds
  6 rats
63 creatures vanquished.

Notes
Turn   | Place    | Note
-------+----------+-------------------------------------------
     0 | D:1      | growler the Tengu Air Elementalist began the quest for the
                  | Orb.
     0 | D:1      | Reached XP level 1. HP: 10/10 MP: 4/4
   293 | D:1      | Reached XP level 2. HP: 15/15 MP: 1/6
   296 | D:1      | Learned a level 2 spell: Static Discharge
   894 | D:1      | Reached XP level 3. HP: 19/19 MP: 4/7
   900 | D:1      | Learned a level 3 spell: Swiftness
  1638 | D:2      | Found a faded altar of an unknown god.
  2202 | D:3      | Reached XP level 4. HP: 24/24 MP: 5/9
  2482 | D:3      | Reached skill level 5 in Air Magic
  3125 | D:4      | Slain by an iguana

Illustrated notes

Levels and vault maps discovered:
D:1:      heliophobic_arrival_ceremonial_halls, layout_basic
D:2:      layout_rooms, ebering_ecumenical_altar_hall
D:3:      layout_loops_cross, nicolae_half_adder
D:4:      layout_loops_cross

Skill      XL: |  1  2  3  4 |
---------------+-------------+-----
Conjurations   | 2 3 |  3.5
Air Magic      | 5 |  5.2
Spellcasting   | 3 |  3.0
Dodging        | |  2.1
Stealth        | |  2.0

Action                     |  1- 3 |  4- 6 || total
---------------------------+-------+-------++-------
  Melee: Unarmed           |     7 |       ||     7
         Peck              |     1 |       ||     1
   Cast: Shock             |    95 |    43 ||   138
         Static Discharge  |       |     1 ||     1
    Use: Potion            |       |     1 ||     1
 Armour: Robe              |     1 |     2 ||     3
  Dodge: Dodged            |     9 |     8 ||    17
